 Dungeon Crawl Stone Soup version 0.28-a0-627-g4e9751bbfc (webtiles) character file.

Game seed: 4839049693170366361

24 OfficerJojo the Skirmisher (level 3, 0/33 HPs)
             Began as a Hill Orc Fighter on Oct 8, 2021.
             Slain by an iguana (6 damage)
             ... on level 1 of the Dungeon.
             The game lasted 00:02:01 (1149 turns).

OfficerJojo the Skirmisher (Hill Orc Fighter)       Turns: 1149, Time: 00:02:02

Health: 0/33       AC:  6    Str: 19    XL:     3   Next: 2%
Magic:  3/3        EV:  9    Int:  8    God:
Gold:   47         SH:  4    Dex: 10    Spells: 2/2 levels left

rFire   . . .      SeeInvis .   a - +0 war axe
rCold   . . .      Faith    .   c - +0 buckler
rNeg    . . .      Spirit   .   b - +0 scale mail
rPois   .          Reflect  .   (no helmet)
rElec   .          Harm     .   (no cloak)
rCorr   .          Rampage  .   (no gloves)
Will    .....                   (no boots)
Stlth   ..........              (no amulet)
HPRegen 0.11/turn               (no ring)
MPRegen 0.08/turn               (no ring)

@: no status effects
A: no striking features
a: no special abilities


You were on level 1 of the Dungeon.
You visited 1 branch of the dungeon, and saw 2 of its levels.

You collected 47 gold pieces.

Inventory:

Hand Weapons
 a - a +0 war axe (weapon)
Armour
 b - a +0 scale mail (worn)
 c - a +0 buckler (worn)
Scrolls
 g - 2 scrolls of identify {unknown}
Potions
 d - a potion of might
 e - a potion of curing {unknown}
 f - a potion of attraction {unknown}


   Skills:
 + Level 4.0 Fighting
 + Level 3.2 Axes
 + Level 3.6 Armour
 + Level 3.6 Shields


You had 2 spell levels left.
You didn't know any spells.
Your spell library was empty.

Dungeon Overview and Level Annotations

Branches:
Dungeon (2/15)

Altars:


Message History

You see here a hobgoblin corpse.
You see here a +0 mace.
The iguana bites you.
You see here a +0 mace.
The iguana barely misses you.
You see here a hobgoblin corpse.
There is a stone staircase leading up here.
An orc comes into view. It is wielding a +0 hand axe.
Found 14 gold pieces.
The orc shouts!
You open the door.
There is an open door here.
There is a stone staircase leading up here.
A hobgoblin comes into view.
The hobgoblin shouts!
The iguana barely misses you. You block the hobgoblin's attack.
The hobgoblin hits you but does no damage.
The iguana bites you but does no damage.
The orc hits you with a +0 hand axe. The hobgoblin hits you.
The orc closely misses you.
There is an open door here.
The iguana bites you but does no damage.
There is a stone staircase leading up here.
The iguana bites you!
You climb upwards.
There is a stone staircase leading down here.
You hit the iguana.
The iguana is lightly wounded.
You block the iguana's attack.
You barely miss the iguana.
The iguana is lightly wounded.
The iguana bites you.
* * * LOW HITPOINT WARNING * * *
You barely miss the iguana.
The iguana is lightly wounded.
The iguana bites you.
* * * LOW HITPOINT WARNING * * *
The iguana bites you.
You die...

.#### #........#.#.........).....
....# #..[.....#.#...............
.##.# #........#.#...............
..#.# #........#.#######.........
.)#.# #..........# #........#
..#.# #..........# #.........
..#.# #..........# #.........
..#.# #........#l# #.......##
.#######.......#@# #.........
##.....###.....### #.........
.........####### #######...
...........######### ###.....###.
...................###.........##
########.........................
####......................
###.........###########
###.._..###


You could see an iguana.

Vanquished Creatures
  2 ball pythons
  An endoplasm (D:1)
  A goblin (D:1)
  5 hobgoblins
  4 kobolds (D:1)
  A quokka (D:1)
  4 bats (D:1)
  4 frilled lizards
22 creatures vanquished.

Notes
Turn   | Place    | Note
-------+----------+-------------------------------------------
     0 | D:1      | OfficerJojo the Hill Orc Fighter began the quest for the
                  | Orb.
     0 | D:1      | Reached XP level 1. HP: 19/19 MP: 1/1
    90 | D:1      | Reached XP level 2. HP: 22/27 MP: 2/2
   221 | D:1      | Found a faded altar of an unknown god.
   486 | D:1      | Reached skill level 4 in Fighting
   915 | D:2      | Reached XP level 3. HP: 28/33 MP: 3/3
  1149 | D:1      | Slain by an iguana

Illustrated notes

Levels and vault maps discovered:
D:1:      lightli_molten_gateway, layout_basic,
          hellmonk_ecumenical_altar_zigzags, hangedman_decor_peaks_small
D:2:      layout_basic, uniq_sigmund

Skill      XL: |  1  2 |
---------------+-------+-----
Axes           | 3 |  3.2
Fighting       | 4 |  4.0
Armour         | |  3.6
Shields        | |  3.6

Action                   || total
-------------------------++-------
Melee: War axe           ||    81
Armor: Scale mail        ||    40
Dodge: Dodged            ||    39
Block: Buckler           ||    27

Table legend: (Time is in decaauts)
 A = Elapsed time spent in this place.
 B = Non-inter-level travel time spent in this place.
 C = Inter-level travel time spent in this place.
 D = Time resting spent in this place.
 E = Time spent auto-exploring this place.
 F = Levels seen in this place.
 G = Mean time per level.
                   A        B        C        D        E       F      G
               +--------+--------+--------+--------+--------+-----+--------+
         Total |   1178 |   1159 |     19 |      0 |    812 |   2 |  589.0 |
       Dungeon |   1178 |   1159 |     19 |      0 |    812 |   2 |  589.0 |
               +--------+--------+--------+--------+--------+-----+--------+

Top non-repeatable levels by time:
     D:1: 843 daAuts
     D:2: 334 daAuts
